 Seeded DCSS version 0.29.1-15-g9cfb28693d (webtiles) character file.

Game seed: 1 (custom seed)

112 Kazon the Shooter (level 4, 0/24 (27) HPs)
             Began as a Deep Elf Fighter on Mar 3, 2023.
             Hit by a goblin thrown by Robin (1 damage)
             ... on level 3 of the Dungeon on Mar 6, 2023.
             The game lasted 00:08:41 (1565 turns).

Kazon the Shooter (Deep Elf Fighter)                Turns: 1565, Time: 00:08:42

HP:   0/24 (27)     AC: 11    Str: 13    XL:     4   Next: 63%
MP:   6/6           EV:  8    Int: 15    God:
Gold: 22            SH:  0    Dex: 14    Spells: 3/3 levels left

rFire   . . .      SeeInvis .   e - +2 dagger (venom)
rCold   . . .      Faith    .   (no shield)
rNeg    . . .      Spirit   .   m - +0 scale mail
rPois   .          Reflect  .   k - +0 helmet
rElec   .          Harm     .   (no cloak)
rCorr   .          Rampage  .   (no gloves)
Will    .....                   l - +2 pair of boots
Stlth   ..........              o - amulet of the acrobat
HPRegen 0.08/turn               (no ring)
MPRegen 0.10/turn               (no ring)

@: heavily drained
A: no striking features
a: no special abilities


You were on level 3 of the Dungeon.
You visited 1 branch of the dungeon, and saw 3 of its levels.

You collected 206 gold pieces.
You spent 184 gold pieces at shops.

Inventory:

Hand Weapons
 a - a +0 long sword
 e - a +2 dagger of venom (weapon)
 r - the +3 falchion of Winter {venom, rCorr}
   (You bought it in a shop on level 3 of the Dungeon)

   It poisons the flesh of those it strikes.
   rCorr:     It protects you from acid and corrosion.
 w - the +7 longbow "Spiderslayer" {venom, Str+4 Int-4 Dex+5}
   (You acquired it on level 1 of the Dungeon)

   Any ammunition fired from it poisons the flesh of those it strikes.
   Str:       It affects your strength (+4).
   Int:       It affects your intelligence (-4).
   Dex:       It affects your dexterity (+5).
Missiles
 j - 23 stones
 p - 3 boomerangs
Armour
 c - a +0 buckler
 k - a +0 helmet (worn)
 l - a +2 pair of boots (worn)
 m - a +0 scale mail (worn)
Jewellery
 o - an amulet of the acrobat (around neck)
Scrolls
 i - 3 scrolls of identify {unknown}
 n - a scroll of immolation {unknown}
 q - a scroll of fog {unknown}
Potions
 b - 2 potions of berserk rage {unknown}
 d - a potion of might
 f - a potion of haste {unknown}
 g - a potion of flight {unknown}
 h - a potion of attraction {unknown}


   Skills:
 + Level 2.7 Fighting
 + Level 1.7 Long Blades
 + Level 3.9 Ranged Weapons
 + Level 2.9 Armour
 + Level 0.1 Dodging
 + Level 2.9 Shields


You had 3 spell levels left.
You didn't know any spells.
Your spell library contained the following spells:

 Spells                   Type           Power      Damage    Failure   Level
 Apportation              Tloc           0%         N/A       77%         1
 Necrotise                Necr           0%         1d4       77%         1
 Sting                    Tmut/Pois      0%         1d3       77%         1
 Summon Small Mammal      Summ           0%         N/A       77%         1
 Poisonous Vapours        Pois/Air       0%         N/A       88%         2
 Olgreb's Toxic Radiance  Pois           0%         N/A       100%        4


Dungeon Overview and Level Annotations

Branches:
Dungeon (3/15)

Altars:

Shops:
D:3 (

Annotations:
D:3 Robin


Message History

The adder bites you but does no damage.
You hit the adder.
You kill the adder!
You feel sick.
You closely miss the hobgoblin.
You feel sick.
You are no longer poisoned.
The hobgoblin hits you but does no damage.
The goblin hits you but does no damage.
You completely miss the goblin. The hobgoblin barely misses you.
The goblin barely misses you.
You hit the hobgoblin.
The hobgoblin is poisoned.
The hobgoblin is severely wounded.
The hobgoblin hits you. The goblin completely misses you.
You hit the goblin.
The goblin is poisoned.
The goblin is moderately wounded.
You kill the hobgoblin!
Robin throws the goblin at you! The goblin closely misses you.
You hit the goblin.
You kill the goblin!
The goblin barely misses you.
You closely miss the goblin.
Robin hits you with a +2 short sword of draining.
* * * LOW HITPOINT WARNING * * *
You feel drained.
* * * LOW HITPOINT WARNING * * *
The goblin hits you but does no damage.
You hit Robin.
Robin is moderately wounded.
Robin hits you with a +2 short sword of draining.
* * * LOW HITPOINT WARNING * * *
You feel drained. The goblin barely misses you.
You completely miss Robin.
Robin is moderately wounded.
Robin hits you with a +2 short sword of draining.
* * * LOW HITPOINT WARNING * * *
You feel drained. The goblin barely misses you.
You completely miss Robin.
Robin is moderately wounded.
Robin throws the goblin at you!
You die...

........# .#
........# ........#
........# ........#
### ###
........###.## ##.##
........##...# #...#
........##...###)g.#
†....>..#..#..#g@#.g#
........#.###.#.###.#
.#####.#..# #...# g..
.....#...## ##.## .).
####.###.# #.# g....
### ### .... g...


You could see Robin and a goblin (strong).

Vanquished Creatures
  3 gnolls (D:2)
  3 adders
  A worm (D:2)
  8 endoplasms
  A giant cockroach (D:1)
  12 goblins
  7 hobgoblins
  3 kobolds
  A quokka (D:1)
  2 ball pythons (D:2)
  3 bats
  3 frilled lizards
  3 rats (D:1)
50 creatures vanquished.

Notes
Turn   | Place    | Note
-------+----------+-------------------------------------------
     0 | D:1      | Kazon the Deep Elf Fighter began the quest for the Orb.
     0 | D:1      | Reached XP level 1. HP: 13/13 MP: 3/3
    36 | D:1      | Identified a scroll of acquirement
    36 | D:1      | Acquired the +7 longbow "Spiderslayer" {venom, Str+4 Int-4
                  | Dex+5}
   152 | D:1      | Reached XP level 2. HP: 18/18 MP: 4/4
   197 | D:1      | Reached skill level 1 in Ranged Weapons
   812 | D:2      | Reached XP level 3. HP: 22/22 MP: 5/5
   937 | D:2      | Reached skill level 2 in Ranged Weapons
  1001 | D:2      | Reached skill level 3 in Ranged Weapons
  1001 | D:2      | Reached XP level 4. HP: 18/27 MP: 6/6
  1401 | D:3      | Found Umat's Antique Weapon Boutique.
  1513 | D:3      | Bought a crude falchion for 184 gold pieces
  1513 | D:3      | Identified the +3 falchion of Winter {venom, rCorr} (You
                  | bought it in a shop on level 3 of the Dungeon)
  1550 | D:3      | Noticed Robin
  1564 | D:3      | HP: 1/25 [Robin/+2 short sword of draining (2)]
  1565 | D:3      | Hit by a goblin thrown by Robin

Illustrated notes

Levels and vault maps discovered:
D:1:      dpeg_arrival_three_smaller_balls, layout_basic
D:2:      layout_loops_ring
D:3:      layout_basic, serial_shops, nicolae_shop_stone, st_stairs_9,
          minmay_misc_feat_doors, eino_curves_03, uniq_robin

Skill      XL: |  1  2  3 |
---------------+----------+-----
Ranged Weapons | 1 3 |  3.9
Fighting       | |  2.7
Long Blades    | |  1.7
Armour         | |  2.9
Dodging        | |  0.1
Shields        | |  2.9

Action                   |  1- 3 |  4- 6 || total
-------------------------+-------+-------++-------
Melee: Long sword        |     4 |       ||     4
       Dagger            |       |    17 ||    17
 Fire: Longbow           |    59 |    27 ||    86
Throw: Stone             |       |     3 ||     3
  Use: Scroll            |     1 |       ||     1
Armor: Scale mail        |    25 |    27 ||    52
Dodge: Dodged            |    24 |    25 ||    49
Block: Buckler           |     7 |       ||     7
